 Dungeon Crawl Stone Soup version 0.30.1-9-gdf580d7c3d (webtiles) character file.

Game seed: 11826233412936885592

46846 mk2023 the Basher (level 14, -2/136 (140) HPs)
             Began as an Ogre Hedge Wizard on Oct 20, 2023.
             Was a High Priest of Ru.
             Slain by a hornet (6 damage)
             ... while paralysed by a hornet
             ... on level 5 of the Lair of Beasts.
             The game lasted 01:41:40 (29892 turns).

mk2023 the Basher (Ogre Hedge Wizard)              Turns: 29892, Time: 01:41:41

HP:   -2/136 (140)  AC: 14    Str: 17    XL:     14   Next: 39%
MP:   20/27         EV:  1    Int: 19    God:    Ru [*****.]
Gold: 1962          SH:  0    Dex:  8    Spells: 5/31 levels left

rFire   + . .        a - +0 giant club
rCold   . . .        (shield currently unavailable)
rNeg    . . .        v - +0 steam dragon scales
rPois   .            c - +2 hat
rElec   .            S - +0 cloak
rCorr   .            (gloves unavailable)
SInv    .            (boots unavailable)
Will    +....        z - amulet of regeneration
Stlth   +            t - +4 ring of protection
HPRegen 1.22/turn    U - ring of protection from fire
MPRegen 0.20/turn

%: no passive effects
@: paralysed, lethally poisoned (-2 -> -11), exhausted, slowed, studying Armour,
lightly drained
A: large, unfitting armour, tough skin 1, inability to use devices, hated by
all, unskilled 2
a: Renounce Religion, Draw Out Power, Power Leap, Apocalypse


You were on level 5 of the Lair of Beasts.
You worshipped Ru.
Ru was extremely pleased with you.
You visited 4 branches of the dungeon, and saw 20 of its levels.
You also visited: Sewer and Ossuary.

You collected 2002 gold pieces.
You spent 40 gold pieces at shops.

Inventory:

Hand Weapons
 a - a +0 giant club (weapon)
 A - a +3 short sword of venom
 R - a +0 giant spiked club
Missiles
 l - 11 javelins
 y - 10 atropa-tipped darts
 D - 53 poisoned darts
 G - 13 large rocks
 L - 12 boomerangs (quivered)
Armour
 c - a +2 hat (worn)
 v - +0 steam dragon scales (worn)
 S - a +0 cloak (worn)
 V - a +0 robe of willpower
Magical Staves
 N - a staff of conjuration
Jewellery
 e - an amulet of guardian spirit
 n - a ring of poison resistance
 t - a +4 ring of protection (left hand)
 z - an amulet of regeneration (around neck)
 E - a ring of willpower
 I - a +6 ring of dexterity
 O - a ring of wizardry
 U - a ring of protection from fire (right hand)
 W - a +6 ring of strength
 X - a ring of willpower
Scrolls
 h - 3 scrolls of teleportation
 i - a scroll of fear
 o - a scroll of amnesia
 p - 3 scrolls of poison
 q - 2 scrolls of enchant weapon
 r - 2 scrolls of blinking
 s - 5 scrolls of identify
 w - 3 scrolls of fog
 B - 4 scrolls of immolation
 C - 2 scrolls of torment
 F - 6 scrolls of noise
 H - 2 scrolls of vulnerability
 K - 4 scrolls of magic mapping
 Q - 3 scrolls of enchant armour
Potions
 b - a potion of cancellation
 d - 7 potions of magic
 f - 3 potions of mutation
 g - 3 potions of flight
 j - 3 potions of ambrosia
 k - 10 potions of curing
 m - 3 potions of attraction
 u - 3 potions of heal wounds
 x - a potion of might
 J - 4 potions of brilliance
 M - 3 potions of invisibility
 P - 2 potions of haste
 T - a potion of resistance
 Y - 3 potions of lignification


   Skills:
 + Level 9.3 Fighting
 * Level 11.2 Maces & Flails
 + Level 7.3 Armour
 + Level 6.4 Dodging
 - Level 1.1 Stealth
 - Level 9.0 Spellcasting
 - Level 6.0 Conjurations
 - Level 3.2 Necromancy
 - Level 0.7 Translocations
 + Level 3.7 Fire Magic
 - Level 1.5 Air Magic
 + Level 2.9 Earth Magic
 - Level 1.5 Poison Magic


You had 5 spell levels left.
You knew the following spells:

 Your Spells              Type           Power      Damage    Failure   Level
a - Magic Dart            Conj           100%       1d8       1%          1
b - Stone Arrow           Conj/Erth      50%        3d10      4%          3
c - Sticky Flame          Conj/Fire      27%        2d5       11%         4
d - Dispel Undead         Necr           20%        3d11      22%         4
e - Mephitic Cloud        Conj/Pois/Air  20%        N/A       7%          3
f - Cigotuvi's Dreadful   Necr/Pois/Air  32%        N/A       5%          2
A - Apportation           Tloc           22%        N/A       6%          1
B - Blink                 Tloc           22%        N/A       10%         2
H - Swiftness             Air            14%        N/A       13%         3
P - Passwall              Tmut/Erth      11%        N/A       7%          2
S - Slow                  Hex            32%        N/A       9%          1

Your spell library contained the following spells:

 Spells                   Type           Power      Damage    Failure   Level
 Kiss of Death            Conj/Necr      100%       2d13      1%          1
 Shock                    Conj/Air       88%        1d8       1%          1
 Necrotise                Necr           80%        1d8       2%          1
 Static Discharge         Conj/Air       44%        2-4/arc   2%          2
 Vampiric Draining        Necr           20%        2d7       6%          3
 Dazzling Flash           Conj/Hex       38%        N/A       7%          3
 Volatile Blastmotes      Fire/Tloc      32%        2d12      10%         3
 Ensorcelled Hibernation  Hex/Ice        16%        N/A       12%         2
 Ignite Poison            Fire/Tmut/Pois 15%        N/A       12%         3
 Inner Flame              Hex/Fire       15%        N/A       12%         3
 Gell's Gravitas          Tloc           11%        N/A       19%         3
 Teleport Other           Tloc           11%        N/A       19%         3
 Iskenderun's Mystic Bla  Conj/Tloc      21%        2d6       21%         4
 Portal Projectile        Hex/Tloc       18%        N/A       22%         3
 Confusing Touch          Hex            8%         N/A       24%         3
 Airstrike                Air            7%         2d(1-17)  41%         4
 Blade Hands              Tmut           4%         N/A       92%         5
 Yara's Violent Unravell  Hex/Tmut       4%         3d4       92%         5
 Starburst                Conj/Fire      13%        6d6       86%         6
 Dispersal                Tloc           5%         N/A       100%        6
 Enfeeble                 Hex            4%         N/A       100%        7
 Ozocubu's Refrigeration  Ice            4%         4d8       100%        7
 Ignition                 Fire           11%        3d5       100%        8
 Lehudib's Crystal Spear  Conj/Erth      12%        10d4      100%        8
 Polar Vortex             Ice            4%         N/A       100%        9
 Summon Small Mammal      Summ           Unusable   N/A       N/A         1
 Call Imp                 Summ           Unusable   N/A       N/A         2
 Tukima's Dance           Hex            Unusable   N/A       N/A         3
 Animate Armour           Summ/Erth      Unusable   N/A       N/A         4
 Summon Lightning Spire   Summ/Air       Unusable   N/A       N/A         4
 Death Channel            Necr           Unusable   N/A       N/A         6
 Simulacrum               Ice/Necr       Unusable   N/A       N/A         6

Dungeon Overview and Level Annotations

Branches:
Dungeon (12/15)            Temple (1/1) D:4            Lair (5/5) D:9
  Swamp (0/4) Lair:3        Snake (0/4) Lair:3        Slime (0/5) Lair:4
    Orc (2/2) D:11            Elf (0/3) Orc:2         Sewer (visited)
Ossuary (visited)

Altars:
Ashenzari
Cheibriados
Dithmenos
Elyvilon
Gozag
Kikubaaqudgha
Makhleb
Nemelex Xobeh
Okawaru
Qazlal
Ru
Sif Muna
Trog
Uskayaw
Vehumet
Wu Jian
Xom
Zin
The Shining One

Shops:
D:4 [   D:5 ?   D:7 *   D:10 *   Orc:1 *

Annotations:
D:2 Tali's ghost, amateur DsCK
Lair:5 1 runed translucent door
Orc:2 1 runed translucent door


Innate Abilities, Weirdness & Mutations

You are too large for most types of armour.
You have tough skin. (AC +1)
You cannot study or use magical devices.
You are hated by all.
You are unskilled. (-2 Apt)


Message History

You sock the lindwurm!
The lindwurm is almost dead.
You feel sick.
The lindwurm burns!
You kill the lindwurm!
The hornet stings you!
* * * LOW HITPOINT WARNING * * *
You feel yourself slow down. The hornet closely misses you.
The hornet stings you but does no damage.
Casting: Sticky Flame (dangerous; 11% risk of failure)
Confirm with . or Enter, or press ? or * to list all spells.
Aiming: Sticky Flame (dangerous; 11% risk of failure)
Press: ? - help, Shift-Dir - straight line, f - hornet
Aim: a hornet The sticky flame hits the hornet.
The hornet is lightly wounded.
The hornet is covered in liquid flames!
You feel yourself speed up.
You feel sick.
The hornet burns!
The hornet stings you.
* * * LOW HITPOINT WARNING * * *
You suddenly lose the ability to move!
The hornet stings you but does no damage.
The hornet stings you!
* * * LOW HITPOINT WARNING * * *
You feel yourself slow down. The hornet stings you!
* * * LOW HITPOINT WARNING * * *
You are more poisoned.
You shrug off the repeated paralysis!
You feel yourself speed up.
You feel very sick.
The hornet burns!
The hornet stings you but does no damage. x2
The hornet stings you.
* * * LOW HITPOINT WARNING * * *
You are lethally poisoned!
You feel yourself slow down.
You focus your inner power and paralyse the hornet in retribution!
* * * LOW HITPOINT WARNING * * *
You feel very sick.
The hornet burns!
The hornet stops burning.
The hornet stings you.
You die...

#.#...# #....# ###...#
###..## ..#..P.#### ##..#
#.......#.# #... #
###......#### ##.. #.
#.###....#.# ###. #. #
##.....### #.## #..##
####..#.....#####†.
#[...###y@...###....#.#...
#......y...## ###.......#
###....##### ###.P.###
###### #####


You could see 2 hornets.

Vanquished Creatures
  3 hydras
  An ogre mage (Orc:2)
  A boulder beetle (Lair:2)
  6 two-headed ogres
  9 death yaks
  Urug (Lair:2)
  4 skysharks
  3 skeletal warriors (D:10)
  A lindwurm (Lair:5)
  An orc knight (D:11)
  2 orc sorcerers (D:11)
  3 elephants
  2 cyclopes (D:11)
  2 black mambas
  4 torpor snails (Lair:5)
  7 cane toads
  11 rime drakes
  3 komodo dragons
  3 kobold demonologists (D:11)
  3 hornets
  4 trolls
  5 blink frogs
  Sigmund (D:6)
  2 shadows (D:11)
  21 yaks
  2 wraiths (D:11)
  Eustachio (D:4)
  A vampire (D:11)
  3 wyverns
  5 basilisks
  Menkaure (D:5)
  7 steam dragons (Lair:2)
  9 wargs
  Edmund (D:6)
  2 nagas (Lair:3)
  An acid dragon (Lair:2)
  Duvessa (D:4)
  22 orc warriors
  8 water moccasins
  3 ice beasts
  2 black bears
  6 ogres
  5 centaurs
  4 wolves (Lair:1)
  A phantom (D:5)
  3 kobold brigands
  10 bullfrogs
  2 gnoll sergeants
  4 scorpions
  Dowan (D:4)
  5 wights (D:9)
  6 water moccasin zombies (Ossuary)
  11 killer bees
  An electric eel (Lair:4)
  6 howler monkeys
  6 hounds
  Crazy Yiuf (D:4)
  A gnoll bouda (D:4)
  11 orc priests
  2 sleepcaps
  Jessica (D:2)
  6 iguanas
  12 orc wizards
  2 mummies (Ossuary)
  8 gnolls
  9 adders
  A river rat (D:3)
  2 shadow imps
  A white imp (D:8)
  3 ufetubi
  6 adder zombies (Ossuary)
  A worm (D:3)
  2 dart slugs
  71 orcs
  6 ball pythons
  4 bats
  6 endoplasms
  12 giant cockroaches
  2 gnoll zombies (Ossuary)
  5 goblins
  6 hobgoblins
  5 frilled lizards
  A giant cockroach zombie (Sewer)
  3 hobgoblin zombies (Ossuary)
  36 kobolds
  5 kobold zombies
  5 orc zombies (Ossuary)
  8 rats
487 creatures vanquished.

Vanquished Creatures (collateral kills)
  An endoplasm (D:1)
1 creature vanquished.

Vanquished Creatures (others)
  A skyshark (Lair:4)
  A skeletal warrior (D:10)
  A water moccasin (Lair:1)
  An ogre (Orc:1)
  An orc wizard (D:10)
5 creatures vanquished.

Grand Total: 493 creatures vanquished

Notes
Turn   | Place    | Note
-------+----------+-------------------------------------------
     0 | D:1      | mk2023 the Ogre Hedge Wizard began the quest for the Orb.
     0 | D:1      | Reached XP level 1. HP: 16/16 MP: 5/5
   162 | D:1      | Reached skill level 1 in Conjurations
   200 | D:1      | Reached XP level 2. HP: 23/26 MP: 2/6
   281 | D:1      | Reached skill level 1 in Fighting
   669 | D:1      | Learned a level 2 spell: Blink
   672 | D:1      | Learned a level 2 spell: Call Imp
   674 | D:1      | Learned a level 1 spell: Slow
   677 | D:1      | Learned a level 2 spell: Cigotuvi's Dreadful Rot
   899 | D:1      | Reached XP level 3. HP: 33/33 MP: 8/8
  1163 | D:2      | Noticed Jessica
  1168 | D:2      | Killed Jessica
  1169 | D:2      | Reached skill level 1 in Summonings
  1169 | D:2      | Reached skill level 1 in Translocations
  1407 | D:2      | Reached XP level 4. HP: 42/44 MP: 7/10
  2150 | D:3      | Found a runed translucent door.
  2159 | D:3      | Noticed Tali's ghost (amateur DsCK)
  2378 | D:3      | Found a runed translucent door.
  2451 | D:3      | Found a glowing drain.
  2481 | Sewer    | Entered a sewer
  2586 | Sewer    | Reached XP level 5. HP: 51/52 MP: 5/11
  2761 | Sewer    | Found an ancient bone altar of Kikubaaqudgha.
  3689 | D:4      | Noticed Dowan
  3693 | D:4      | Noticed Duvessa
  4071 | D:5      | Entered Level 5 of the Dungeon
  4201 | D:5      | Noticed an ogre
  4214 | D:4      | Reached skill level 5 in Spellcasting
  4311 | D:4      | Found Utummes's Armour Boutique.
  4385 | D:4      | Reached XP level 6. HP: 62/62 MP: 10/13
  4705 | D:4      | Noticed Eustachio
  4846 | D:5      | Reached skill level 1 in Armour
  4965 | D:5      | Reached XP level 7. HP: 65/71 MP: 10/14
  5001 | D:5      | Noticed Menkaure
  5042 | D:5      | Reached skill level 5 in Fighting
  5597 | D:5      | Reached skill level 5 in Conjurations
  5601 | D:5      | Learned a level 3 spell: Stone Arrow
  5605 | D:5      | Learned a level 3 spell: Mephitic Cloud
  5999 | D:6      | Noticed Edmund
  6103 | D:6      | Reached XP level 8. HP: 71/80 MP: 12/16
  6110 | D:6      | Found a sand-covered staircase.
  6129 | Ossuary  | Entered an ossuary
  6305 | Ossuary  | Reached skill level 1 in Maces & Flails
  6319 | Ossuary  | HP: 4/80 [water moccasin zombie (4)]
  6326 | Ossuary  | Reached skill level 1 in Air Magic
  6553 | Ossuary  | Reached skill level 1 in Poison Magic
  6594 | Ossuary  | Reached skill level 1 in Necromancy
  6594 | Ossuary  | Reached skill level 1 in Earth Magic
  7076 | D:6      | Killed Edmund
  7077 | D:6      | Reached skill level 2 in Maces & Flails
  7641 | D:6      | Reached XP level 9. HP: 58/88 MP: 6/18
  7788 | D:6      | Reached skill level 3 in Maces & Flails
  7889 | D:6      | Noticed Sigmund
  7965 | D:7      | Found an opulent altar of Gozag.
  7965 | D:7      | Found Gozag's Platinum Reserve.
  8584 | D:7      | Learned a level 3 spell: Swiftness
  8586 | D:7      | Learned a level 1 spell: Apportation
  9614 | D:5      | Learned a level 4 spell: Sticky Flame
  9765 | D:5      | Found The Oracle's Delphic Readings.
  9769 | D:5      | Bought a scroll of immolation for 40 gold pieces
  9806 | D:4      | Found a staircase to the Ecumenical Temple.
  9827 | Temple   | Entered the Ecumenical Temple
 10035 | Temple   | Became a worshipper of Ru the Awakened
 10271 | D:4      | Found a runed translucent door.
 10272 | D:4      | Noticed Crazy Yiuf
 10280 | D:4      | Killed Crazy Yiuf
 10458 | D:4      | Killed Eustachio
 10816 | D:4      | Killed Dowan
 10817 | D:4      | Reached skill level 4 in Maces & Flails
 10819 | D:4      | Killed Duvessa
 11049 | D:5      | Killed Menkaure
 11050 | D:5      | Reached skill level 1 in Fire Magic
 11327 | D:6      | Killed Sigmund
 11544 | D:8      | Noticed a two-headed ogre
 11549 | D:8      | Killed a two-headed ogre
 11550 | D:8      | Reached XP level 10. HP: 98/98 MP: 9/21
 12015 | D:8      | Noticed a two-headed ogre
 12180 | D:8      | Killed a two-headed ogre
 12181 | D:8      | Reached skill level 5 in Maces & Flails
 12386 | D:8      | Reached skill level 5 in Armour
 12545 | D:8      | Gained mutation: You cannot study or use magical devices.
                  | [Ru sacrifice]
 12545 | D:8      | Reached * piety under Ru
 12545 | D:8      | Reached ** piety under Ru
 12989 | D:9      | Found a staircase to the Lair.
 13138 | D:9      | Reached skill level 6 in Maces & Flails
 13138 | D:9      | Reached skill level 5 in Dodging
 13862 | Lair:1   | Entered Level 1 of the Lair of Beasts
 14016 | Lair:1   | Noticed a cane toad
 14044 | Lair:1   | Reached skill level 7 in Maces & Flails
 14215 | Lair:1   | Noticed a cane toad
 14219 | Lair:1   | Killed a cane toad
 14220 | Lair:1   | Reached XP level 11. HP: 105/105 MP: 12/23
 14628 | Lair:1   | Reached skill level 8 in Maces & Flails
 15315 | Lair:1   | Identified a scroll of acquirement
 15321 | Lair:1   | Acquired a book of Spectacle
 15328 | Lair:1   | Learned a level 4 spell: Dispel Undead
 15627 | Lair:2   | Gained mutation: You are hated by all. [Ru sacrifice]
 15627 | Lair:2   | Reached *** piety under Ru
 15913 | Lair:2   | Noticed a boulder beetle
 15933 | Lair:2   | Killed a boulder beetle
 16181 | Lair:2   | Noticed Urug
 16192 | Lair:2   | Killed Urug
 16207 | Lair:2   | Reached skill level 9 in Maces & Flails
 18206 | D:9      | Learned a level 2 spell: Passwall
 18539 | D:10     | Entered Level 10 of the Dungeon
 18670 | D:10     | Noticed a skeletal warrior
 19144 | Lair:2   | Reached XP level 12. HP: 41/118 MP: 24/24
 19680 | Lair:3   | Reached skill level 10 in Maces & Flails
 20038 | Lair:3   | Found a staircase to the Swamp.
 20038 | Lair:3   | Noticed a four-headed hydra
 20135 | Lair:3   | Killed a four-headed hydra
 20284 | Lair:3   | Noticed an eight-headed hydra
 20379 | Lair:3   | Killed an eight-headed hydra
 20455 | Lair:3   | Found a staircase to the Snake Pit.
 20479 | Lair:3   | Found an ornate altar of the Wu Jian Council.
 20697 | Lair:3   | Gained mutation: You are somewhat unskilled. (-1 Apt) [Ru
                  | sacrifice]
 20697 | Lair:3   | Reduced skill Maces & Flails to level 9
 20697 | Lair:3   | Reduced skill Air Magic to level 1
 20697 | Lair:3   | Reduced skill Poison Magic to level 1
 20697 | Lair:3   | Reached **** piety under Ru
 21332 | Lair:4   | Reached skill level 10 in Maces & Flails
 21398 | Lair:4   | Noticed a skyshark
 21424 | Lair:4   | Killed a skyshark
 21425 | Lair:4   | Reached skill level 5 in Armour
 21758 | Lair:4   | Noticed a death yak
 21835 | Lair:5   | Entered Level 5 of the Lair of Beasts
 21891 | Lair:5   | Reached skill level 5 in Dodging
 22012 | Lair:5   | Noticed a skyshark
 22012 | Lair:5   | Noticed a death yak
 22012 | Lair:5   | Noticed a death yak
 22046 | Lair:4   | Killed a skyshark
 22461 | Lair:4   | Noticed a skyshark
 22495 | Lair:4   | Killed a skyshark
 22613 | Lair:4   | Identified the +0 arbalest "Tache" {drain, *Slow Will+
                  | Stlth+}
 22639 | Lair:4   | Noticed a death yak
 22639 | Lair:4   | Noticed a death yak
 22866 | D:10     | Reached XP level 13. HP: 73/128 MP: 21/25
 23272 | D:10     | Paralysed by a hornet for 1 turns
 24040 | D:10     | Found Gaoreh's Overcharged Wands.
 24100 | D:10     | Gained mutation: You are unskilled. (-2 Apt) [Ru sacrifice]
 24100 | D:10     | Reduced skill Maces & Flails to level 9
 24100 | D:10     | Reduced skill Armour to level 5
 24100 | D:10     | Reduced skill Conjurations to level 5
 24100 | D:10     | Reached ***** piety under Ru
 24180 | D:10     | Found a white marble altar of Elyvilon.
 24486 | D:10     | Found a shimmering altar of Xom.
 24486 | D:10     | Found a radiant altar of Vehumet.
 24487 | D:10     | Found a broken altar of Ashenzari.
 24488 | D:10     | Found an ancient bone altar of Kikubaaqudgha.
 25023 | D:11     | Found a staircase to the Orcish Mines.
 25032 | D:11     | Reached skill level 10 in Maces & Flails
 26058 | Orc:1    | Entered Level 1 of the Orcish Mines
 26537 | Orc:2    | Entered Level 2 of the Orcish Mines
 27336 | Orc:2    | Paralysed by an ogre mage for 2 turns
 27661 | Orc:1    | Found Rivvisch's General Store.
 27944 | Orc:2    | Found a staircase to the Elven Halls.
 28097 | Orc:2    | Found a runed translucent door.
 28455 | Lair:4   | Reached XP level 14. HP: 105/134 MP: 18/26
 28648 | Lair:4   | Found a staircase to the Slime Pits.
 28690 | Lair:4   | Reached skill level 11 in Maces & Flails
 29764 | Lair:5   | Found a runed translucent door.
 29877 | Lair:5   | Paralysed by a hornet for 1 turns
 29890 | Lair:5   | Paralysed by a hornet for 3 turns
 29892 | Lair:5   | HP: 4/136 [poisoned by a hornet]
 29892 | Lair:5   | Slain by a hornet

Illustrated notes

Levels and vault maps discovered:
D:1:      dpeg_arrival_another_circle, layout_basic
D:2:      layout_basic, uniq_jessica
D:3:      layout_basic, ebering_ghost_sewer_f, gup_sewer_entry_glass
D:4:      layout_basic, minmay_temple_entry_offerings, serial_shops, shop,
          uniq_eustachio, uniq_duvessa, uniq_crazy_yiuf_cottage
D:5:      layout_gridville, nicolae_nh_oracle_at_delphi, uniq_menkaure
D:6:      layout_loops_cross, chequers_ossuary_entry_cave, uniq_sigmund,
          uniq_edmund
D:7:      layout_layer_cave, nicolae_gozag_zags_fifth_avenue
D:8:      layout_rooms, serial_co_window_serial, co_window_corner_a,
          co_window_of_opportunity_a, co_window_corner_a, co_window_paths_a,
          co_window_corner_a, co_window_unsneaky_path_b,
          co_window_unsneaky_path_b, co_window_paths_c, co_window_2corner,
          glass_columns_c, glass_columns_b
D:9:      layout_stronghold, david_lair_generic
D:10:     layout_long_grid, minitemple, serial_glass, glass_columns_c,
          glass_columns_b, nicolae_shop_overcharged_wands
D:11:     layout_loops_ring, orc_0_dummy
D:12:     layout_gridville
Temple:   nicolae_temple_bog_church
Lair:1:   beast_lair_carwin_large_2, layout_layer_cave, st_stairs_3
Lair:2:   layout_layer_cave, bobbens_dragon_lair_wall, grunt_megastairs_2,
          uniq_urug
Lair:3:   layout_loops_ring, minmay_swamp_entry_reptiles,
          guppyfry_snake_entry_island, basic_altar, serial_bayou_shore_b,
          grunt_megastairs_5
Lair:4:   layout_regular_city, slime_entry_1, serial_forest,
          infiniplex_forest_clump_small, infiniplex_forest_zigzag_2,
          infiniplex_forest_clump_medium, infiniplex_forest_lined_3,
          infiniplex_forest_clump_long, serial_bayou_shore_b,
          serial_bayou_shore_a
Lair:5:   wormcave, layout_hall_layers, guppyfry_lair_end_dragon,
          enter_volcano_4, lemuel_fruit_fields
Orc:1:    layout_caves, serial_shops, nicolae_shop_hallway_plus
Orc:2:    st_orc_town, layout_caves, ebering_ghost_reflecting_pool, basic_altar

Skill      XL: |  1  2  3  4  5  6  7  8  9 10 11 12 13 14 |
---------------+-------------------------------------------+-----
Conjurations   | 1 2 3 4 5 6 6 5 6 |  6.0
Fighting       | 1 2 3 4 5 6 7 8 9 |  9.3
Dodging        | 2 3 5 5 6 |  6.4
Spellcasting   | 4 5 6 7 8 8 8 9 |  9.0
Summonings     | 1 2 0 |  0.0
Translocations | 1 0 |  0.7
Armour         | 2 3 5 5 6 7 |  7.3
Maces & Flails | 2 4 7 9 10 10 11 | 11.2
Air Magic      | 2 1 |  1.5
Poison Magic   | 2 1 |  1.5
Necromancy     | 2 3 3 |  3.2
Earth Magic    | 2 3 2 |  2.9
Fire Magic     | 2 3 4 3 |  3.7
Stealth        | |  1.1

Action                     |  1- 3 |  4- 6 |  7- 9 | 10-12 | 13-15 || total
---------------------------+-------+-------+-------+-------+-------++-------
  Melee: Dagger            |    84 |    29 |       |       |       ||   113
         Whip              |       |    76 |    14 |       |       ||    90
         Short sword       |       |   123 |   320 |   270 |       ||   713
         Punch             |       |     1 |     7 |     9 |       ||    17
         Giant club        |       |       |       |    92 |   585 ||   677
  Throw: Boomerang         |       |       |       |       |     2 ||     2
   Cast: Magic Dart        |    34 |    41 |   149 |   151 |    48 ||   423
         Call Imp          |     1 |     4 |     4 |       |       ||     9
         Cigotuvi's Dreadf |       |     1 |     1 |       |       ||     2
         Blink             |       |     1 |       |       |       ||     1
         Stone Arrow       |       |       |    17 |   105 |    36 ||   158
         Mephitic Cloud    |       |       |     9 |     9 |     2 ||    20
         Sticky Flame      |       |       |     1 |    37 |    46 ||    84
         Swiftness         |       |       |       |     1 |       ||     1
         Dispel Undead     |       |       |       |       |     2 ||     2
 Invoke: Sacrifice Artific |       |       |       |     1 |       ||     1
         Sacrifice Love    |       |       |       |     1 |       ||     1
         Draw Out Power    |       |       |       |     1 |     2 ||     3
         Sacrifice Skill   |       |       |       |     1 |     1 ||     2
         Apocalypse        |       |       |       |       |     3 ||     3
         Reject Sacrifices |       |       |       |       |     1 ||     1
  Evoke: Wand              |       |     1 |     1 |       |       ||     2
    Use: Scroll            |       |     7 |    13 |    12 |     7 ||    39
         Potion            |       |     1 |     2 |     2 |     4 ||     9
   Stab: Sleeping          |     2 |     3 |       |       |     1 ||     6
         Confused          |       |       |     4 |     6 |       ||    10
         Invisible         |       |       |       |     3 |     6 ||     9
         Distracted        |       |       |       |     1 |     1 ||     2
         Paralysed         |       |       |       |       |     5 ||     5
 Armour: Robe              |    33 |    60 |    79 |    66 |       ||   238
         Steam dragon scal |       |       |       |    54 |   340 ||   394
  Dodge: Dodged            |    39 |    96 |   174 |   203 |   356 ||   868
